 Dungeon Crawl Stone Soup version 0.28.0-1-gb440e238dd (webtiles) character file.

Game seed: 2065187616613644639

1232 Woods the Caller (level 8, 0/37 HPs)
             Began as a Felid Summoner on Feb 25, 2022.
             Was an Initiate of Yredelemnul.
             Killed from afar by Harold (5 damage)
             ... with a harpoon shot
             ... on level 7 of the Dungeon.
             The game lasted 00:24:53 (12802 turns).

Woods the Caller (Felid Summoner)                  Turns: 12802, Time: 00:24:54

Health: 0/37       AC:  2    Str:  4    XL:     8   Next: 24%
Magic:  4/19       EV: 19    Int: 20    God:    Yredelemnul [......]
Gold:   253        SH:  0    Dex: 17    Spells: 5/20 levels left
                                        Lives:  0   Deaths: 2

rFire   . . .      SeeInvis +   (weapon unavailable)
rCold   . . .      Faith    .   (shield unavailable)
rNeg    . . .      Spirit   .   (armour unavailable)
rPois   .          Reflect  .   (helmet unavailable)
rElec   .          Harm     .   (cloak unavailable)
rCorr   .          Rampage  .   (gloves unavailable)
Will    +....                   (boots unavailable)
Stlth   +++.......              (no amulet)
HPRegen 0.12/turn               (no ring)
MPRegen 0.16/turn               (no ring)

@: marked, quick
A: very small, claws 1, fangs 3, see invisible, speed 1, shaggy fur 2, stealthy
paws, no weapons or thrown items, no armour, multi-lived
a: Renounce Religion, Recall Undead Harvest


You were on level 7 of the Dungeon.
You worshipped Yredelemnul.
Yredelemnul was noncommittal.
You visited 2 branches of the dungeon, and saw 8 of its levels.

You collected 253 gold pieces.

Inventory:

Jewellery
 p - a ring of protection from cold
Wands
 e - a wand of digging (6)
Scrolls
 g - 2 scrolls of enchant weapon
 i - 2 scrolls of summoning {unknown}
 l - a scroll of fog {unknown}
 o - a scroll of immolation {unknown}
 q - a scroll of vulnerability {unknown}
 t - a scroll of enchant armour {unknown}
 u - a scroll of holy word {unknown}
 v - a scroll of torment {unknown}
Potions
 b - a potion of attraction {unknown}
 c - 2 potions of curing
 d - 2 potions of lignification {unknown}
 f - a potion of resistance {unknown}
 h - 2 potions of invisibility {unknown}
 j - a potion of berserk rage {unknown}
 k - 2 potions of might
 m - 2 potions of heal wounds {unknown}
 n - a potion of degeneration {unknown}
 r - 2 potions of flight {unknown}
 s - a potion of ambrosia {unknown}


   Skills:
 - Level 5.0 Fighting
 - Level 5.0 Dodging
 - Level 5.0 Stealth
 + Level 6.7 Spellcasting
 - Level 7.0 Summonings
 - Level 4.0 Translocations
 + Level 4.6 Invocations


You had 5 spell levels left.
You knew the following spells:

 Your Spells              Type           Power      Damage    Failure   Level
a - Summon Small Mammal   Summ           100%       N/A       1%          1
b - Call Imp              Summ           34%        N/A       1%          2
c - Call Canine Familiar  Summ           34%        N/A       1%          3
d - Blink                 Tloc           44%        N/A       2%          2
e - Summon Guardian Gole  Hex/Summ       20%        N/A       7%          3
f - Summon Lightning Spi  Summ/Air       20%        N/A       22%         4

Your spell library contained the following spells:

 Spells                   Type           Power      Damage    Failure   Level
 Lesser Beckoning         Tloc           22%        N/A       5%          3
 Magic Dart               Conj           24%        1d4       10%         1
 Slow                     Hex            24%        N/A       10%         1
 Summon Ice Beast         Ice/Summ       20%        N/A       22%         4
 Confusing Touch          Hex            6%         N/A       28%         3
 Ignite Poison            Fire/Tmut/Pois 6%         N/A       28%         3
 Mephitic Cloud           Conj/Pois/Air  6%         N/A       28%         3
 Vampiric Draining        Necr           6%         2d6       28%         3
 Manifold Assault         Tloc           22%        N/A       45%         5
 Summon Mana Viper        Hex/Summ       20%        N/A       54%         5
 Freezing Cloud           Conj/Ice/Air   3%         6-21      95%         5
 Monstrous Menagerie      Summ           17%        N/A       99%         7


Dungeon Overview and Level Annotations

Branches:
Dungeon (7/15)             Temple (1/1) D:4

Altars:
Cheibriados
Dithmenos
Elyvilon
Fedhas
Hepliaklqana
Kikubaaqudgha
Makhleb
Nemelex Xobeh
Okawaru
Sif Muna
Trog
Uskayaw
Wu Jian
Xom
Yredelemnul
Zin

Annotations:
D:2 Terence
D:7 Harold


Innate Abilities, Weirdness & Mutations

You have sharp claws.
You have razor-sharp teeth.
You have supernaturally acute eyesight. (SInv)
You cover ground quickly. (Speed+)
You are covered in thick fur. (AC +2)
Your paws help you pounce on unaware monsters.
You are incapable of wielding weapons or throwing items.
You cannot wear armour.
You gain extra lives every three experience levels.


Message History

The orc wizard misses your crimson imp.
Your crimson imp hits the orc wizard but does no damage.
Your quokka bites the orc wizard.
The orc wizard closely misses your quokka.
Your crimson imp misses the orc wizard.
Your quokka bites the orc wizard.
The orc wizard gestures wildly while chanting.
The orc wizard flickers and vanishes for a moment.
Harold casts a spell at you. A sentinel's mark forms upon you.
The orc wizard barely misses your crimson imp.
As you read the scroll of teleportation, it crumbles to dust.
You feel strangely unstable. Harold misses your quokka.
The orc wizard closely misses your quokka.
Harold hits your quokka with a +0 long sword!
Your quokka dies!
Your quokka's corpse disappears in a puff of smoke!
Unknown command.
Casting: Summon Small Mammal (safe; 1% risk of failure)
Confirm with . or Enter, or press ? or * to list all spells.
What are your orders? t - Meow!
Orders for allies: a - Attack new target. p - Attack previous target. r - Retreat! s - Stop attacking. g - Guard the area. f - Follow me.
Anything else - Cancel.
Gang up on whom?
Press: ? - help, Dir - move target, f/p - orc wizard
Aim: an orc wizard, wielding a +0 dagger and wearing a +0 robe (severely wounded, slightly transparent, ally target) Attack!
The orc wizard barely misses your quokka.
Your surroundings suddenly seem different.
Harold fires a harpoon shot at you. The harpoon shot hits you!
* * * LOW HITPOINT WARNING * * *
You are yanked forward by the harpoon shot.
Your wolf closely misses the orc wizard.
Harold fires a harpoon shot at you. The harpoon shot hits you.
You die...
Your body rises from the dead as a mindless zombie.

................#
##...............# ##
##................##..
##...................#
.#...................#
o....#.......)...........#
........................#
#..............[.......##
#.........@............#
###......................## #
###......................#..###
###................@.......#.....
...................)......###..##
..................).oh...###..##
........................#......#
..................####)#######..#
..................#.......# #..


You could see Harold, an orc wizard (invisible, ally target) and a friendly wolf
(summoned).

Vanquished Creatures
  Duvessa (D:7)
  A sky beast (D:7)
  A scorpion (D:5)
  A bullfrog skeleton (D:7)
  A gnoll (D:5)
  2 orcs
  An endoplasm (D:1)
  A hobgoblin (D:4)
  A quokka (D:1)
  3 ball pythons
  3 bats (D:1)
  2 goblins (D:4)
  A rat (D:2)
19 creatures vanquished.

Vanquished Creatures (collateral kills)
  Prince Ribbit (D:6)
  Sigmund (D:5)
  A water moccasin (D:4)
  An ice beast (D:7)
  2 black bears (D:4)
  An orc warrior (D:7)
  A sky beast (D:5)
  5 ogres
  A centaur (D:5)
  3 scorpions
  A bullfrog (D:6)
  2 water moccasin skeletons
  Dowan (D:7)
  A gnoll shaman (D:6)
  A hound (D:6)
  An orc priest (D:3)
  An iguana (D:6)
  4 orc wizards
  Robin (D:4)
  5 gnolls
  9 adders
  A shadow imp (D:6)
  A white imp (D:6)
  An ufetubus (D:5)
  An adder skeleton (D:4)
  2 worms
  A dart slug (D:4)
  12 orcs
  3 ball pythons
  2 endoplasms
  2 giant cockroaches
  12 goblins
  7 hobgoblins
  4 quokkas
  2 bats
  3 frilled lizards
  6 kobolds
  7 rats
111 creatures vanquished.

Vanquished Creatures (others)
  A spectral ice beast (D:7)
  A scorpion zombie (D:5)
  2 ogre zombies
  An elf zombie (D:7)
  A spectral shadow imp (D:6)
  An adder zombie (D:5)
  A gnoll zombie (D:5)
  A giant cockroach zombie (D:4)
  2 hobgoblin zombies (D:4)
  6 orc zombies
  43 plants (D:3)
60 creatures vanquished.

Grand Total: 190 creatures vanquished

Notes
Turn   | Place    | Note
-------+----------+-------------------------------------------
     0 | D:1      | Woods the Felid Summoner began the quest for the Orb.
     0 | D:1      | Reached XP level 1. HP: 7/7 MP: 4/4
   433 | D:1      | Reached XP level 2. HP: 11/11 MP: 3/6
   446 | D:1      | Learned a level 2 spell: Call Imp
  1570 | D:2      | Reached XP level 3. HP: 1/14 MP: 2/7
  2001 | D:2      | Noticed Terence
  2296 | D:2      | Found a faded altar of an unknown god.
  2318 | D:2      | You fall into a shaft and drop 1 floor!
  2841 | D:3      | Found a hazy altar of Hepliaklqana.
  2905 | D:3      | Reached XP level 4. HP: 15/18 MP: 2/8
  3702 | D:3      | Learned a level 3 spell: Call Canine Familiar
  3705 | D:3      | Learned a level 2 spell: Blink
  3754 | D:3      | Found a snail-covered altar of Cheibriados.
  4288 | D:3      | Reached XP level 5. HP: 19/21 MP: 4/10
  5073 | D:4      | Noticed a black bear
  5166 | D:4      | Noticed a black bear
  5585 | D:4      | Found a staircase to the Ecumenical Temple.
  5612 | D:4      | Killed a black bear
  5613 | D:4      | Reached skill level 5 in Dodging
  5613 | D:4      | Reached skill level 5 in Stealth
  5613 | D:4      | Reached skill level 5 in Summonings
  5613 | D:4      | Reached skill level 1 in Translocations
  5613 | D:4      | Gained mutation: You are covered in thick fur. (AC +2)
                  | [Felid growth]
  5613 | D:4      | Reached XP level 6. HP: 24/24 MP: 4/12
  5912 | Temple   | Entered the Ecumenical Temple
  5960 | Temple   | Became a worshipper of Yredelemnul the Dark
  6371 | D:4      | Noticed Robin
  6387 | D:4      | Reached * piety under Yredelemnul
  6400 | D:4      | Killed Robin
  6403 | D:4      | Noticed a water moccasin
  6423 | D:4      | Killed a water moccasin
  6424 | D:4      | Reached skill level 5 in Spellcasting
  6424 | D:4      | Reached XP level 7. HP: 18/28 MP: 5/15
  7112 | D:5      | Entered Level 5 of the Dungeon
  7228 | D:5      | Reached skill level 1 in Fighting
  7382 | D:5      | Noticed Sigmund
  7811 | D:5      | Shot with an arrow by a centaur
  7812 | D:5      | Reached XP level 6. HP: -5/27 MP: 7/14
  8321 | D:5      | Noticed a sky beast
  8332 | D:5      | Killed a sky beast
  8333 | D:5      | Reached XP level 7. HP: 33/33 MP: 8/15
  8426 | D:5      | Killed Sigmund
  8427 | D:5      | Reached skill level 5 in Fighting
  8431 | D:5      | Learned a level 3 spell: Summon Guardian Golem
  8436 | D:5      | Learned a level 4 spell: Summon Lightning Spire
  8640 | D:5      | Reached skill level 1 in Invocations
  8871 | D:6      | Noticed Prince Ribbit
  9050 | D:6      | Reached XP level 8. HP: 37/37 MP: 2/17
  9535 | D:6      | Reached skill level 6 in Summonings
 10419 | D:6      | Killed Prince Ribbit
 10642 | D:7      | Noticed Harold
 10686 | D:7      | Noticed Duvessa
 10686 | D:7      | Noticed Dowan
 11203 | D:7      | Noticed a green ugly thing
 11378 | D:7      | Killed Dowan
 11390 | D:7      | Killed Duvessa
 11394 | D:7      | Your ally Dowan died
 11608 | D:7      | Noticed a nameless horror
 11615 | D:7      | Reached XP level 9. HP: 28/40 MP: 6/19
 12333 | D:7      | HP: 1/40 [bullfrog (5)]
 12346 | D:7      | Slain by an ufetubus
 12347 | D:7      | Reached XP level 8. HP: 0/37 MP: 11/18
 12612 | D:7      | Reached skill level 7 in Summonings
 12802 | D:7      | Killed from afar by Harold

Illustrated notes

Levels and vault maps discovered:
D:1:      dpeg_arrival_central, layout_basic
D:2:      layout_loops_ring, dreamdust_ecumenical_altar_drowned_temple,
          minivault_26, uniq_terence
D:3:      layout_basic, mainiacjoe_overflow_brackets, old_standard_altar,
          serial_bayou, serial_bayou_pond_b, serial_bayou_lagoon_a,
          serial_bayou_shore_b, serial_bayou_ford_a, serial_bayou_crossing
D:4:      layout_basic, minmay_temple_entry_junction, minmay_statues_item,
          uniq_robin
D:5:      layout_basic, uniq_sigmund
D:6:      layout_basic, lemuel_flame_loot_1, uniq_prince_ribbit1
D:7:      layout_layer_cave, nicolae_overflow_hidden_temple,
          kennysheep_generic_room_11, uniq_harold, uniq_duvessa
Temple:   jpeg_temple_clearing

Skill      XL: |  1  2  3  4  5  6  7  8 |
---------------+-------------------------+-----
Dodging        | 3 4 5 |  5.0
Stealth        | 3 4 5 |  5.0
Spellcasting   | 3 5 6 |  6.7
Summonings     | 5 7 |  7.0
Translocations | 1 2 3 4 |  4.0
Fighting       | 4 5 |  5.0
Invocations    | 2 4 |  4.6

Action                   |  1- 3 |  4- 6 |  7- 9 || total
-------------------------+-------+-------+-------++-------
Melee: Unarmed           |    43 |    36 |    38 ||   117
       Bite              |     2 |     3 |     4 ||     9
       Punch             |     2 |     1 |       ||     3
 Cast: Summon Small Mamm |    47 |    37 |    57 ||   141
       Call Imp          |    24 |    23 |    27 ||    74
       Call Canine Famil |       |    25 |    40 ||    65
       Blink             |       |     1 |     3 ||     4
       Summon Lightning  |       |       |     7 ||     7
       Summon Guardian G |       |       |     3 ||     3
Invok: Recall Undead Har |       |     2 |     5 ||     7
  Use: Scroll            |       |       |     6 ||     6
       Potion            |       |       |     3 ||     3
 Stab: Distracted        |       |     1 |       ||     1
Armor: Skin              |     4 |     4 |     6 ||    14
Dodge: Dodged            |    67 |    45 |   110 ||   222
